[Event "Early-Titled-Tuesday-Blitz-January-30-2024"]
[Site "Chess.com"]
[Date "2024.01.30"]
[Round "11"]
[White "Polish_fighter3000"]
[Black "Gabrielian_Artur"]
[Result "1-0"]
[WhiteElo "3041"]
[BlackElo "2778"]
[TimeControl "180+1"]
[EndTime "10:10:21 PST"]
[Termination "Polish_fighter3000 won by resignation"]

1. b3 Nf6 2. e3 g6 3. g3 Bg7 4. h3 O-O 5. a3 d5 6. c3 e5 7. d3 d4 8. cxd4 exd4 9. e4 Ne8 10. f3 f5 11. Nd2 Qg5 12. Ne2 fxe4 13. Nxe4 Qe7 14.
Bg2 Nd6 15. Bg5 Qe8 16. Rc1 Nc6 17. Nxd6 cxd6 18. O-O Be6 19. f4 Qf7 20. b4 Bd5 21. g4 Bxg2 22. Kxg2 Rae8 23. Ng3 Qa2+ 24. Rf2 Qxa3 25.
f5 h6 26. Bf4 Ne5 27. Bxe5 Bxe5 28. Ne4 d5 29. Nc5 gxf5 30. gxf5 Kh8 31. Rb1 Rg8+ 32.
Kf1 Bg3 33. Qh5 Kh7 34. Rg2 Qxb4 35. Qf7+ Kh8 36. Qxg8+ 1-0

[Event "Early-Titled-Tuesday-Blitz-January-30-2024"]
[Site "Chess.com"]
[Date "2024.01.30"]
[Round "11"]
[White "leotobares"]
[Black "Chessdreamer2020"]
[Result "0-1"]
[WhiteElo "2410"]
[BlackElo "2550"]
[TimeControl "180+1"]
[EndTime "10:10:24 PST"]
[Termination "Chessdreamer2020 won by resignation"]

1. Nf3 b6 2. d3 Bb7 3. e4 e6 4. Nbd2 c5 5. Be2 Nc6 6. O-O d5 7. c3 Nf6 8. e5 Nd7 9. d4 Be7 10.
Re1 Qc7 11. Nf1 O-O-O 12. Be3 Kb8 13. a4 a6 14. a5 Nxa5 15. dxc5 Bxc5 16. Bxc5 bxc5 17. Qa4 Nc4 18. Bxc4 dxc4 19. Qxc4 Nb6 20. Qf4 Nd5 21. Qg4 h5 22. Qc4 g5 23. Ne3 Nf4 24.
Rxa6 Bxa6 25. Qxa6 Qb7 26. Qc4 Nd3 27. Ra1 g4 28.
Ra5 Nxb2 29. Qxc5 Nd3 30. Qc4 Rd5 31. Nxd5 Qb1+ 0-1

[Event "Early-Titled-Tuesday-Blitz-January-30-2024"]
[Site "Chess.com"]
[Date "2024.01.30"]
[Round "11"]
[White "Sattarov_Bobur"]
[Black "Barmen_EV"]
[Result "0-1"]
[WhiteElo "2732"]
[BlackElo "2498"]
[TimeControl "180+1"]
[EndTime "10:10:25 PST"]
[Termination "Barmen_EV won on time"]

1. e4 c5 2. Nf3 Nc6 3. d4 cxd4 4. Nxd4 e5 5. Nb5 d6 6. a4 a6 7. N5c3 Be6 8. Nd5 Nf6 9. Bg5 Bxd5 10. Bxf6 Qa5+ 11.
Nc3 Bxe4 12. Bh4 Qb4 13. Rb1 Nd4 14. Bd3 Bxg2 15. Bg3 Bxh1 16. Kf1 Qb6 17. Qe1 Qc6 18.
Ne4 f5 19. Qe3 Bxe4 20. Be2 Nxe2 21. Qxe2 Qxc2 0-1

[Event "Early-Titled-Tuesday-Blitz-January-30-2024"]
[Site "Chess.com"]
[Date "2024.01.30"]
[Round "11"]
[White "LileKoridze"]
[Black "guillembaches"]
[Result "0-1"]
[WhiteElo "2384"]
[BlackElo "2547"]
[TimeControl "180+1"]
[EndTime "10:10:25 PST"]
[Termination "guillembaches won by resignation"]

1. d4 d5 2. c4 e6 3. Nf3 a6 4.
cxd5 exd5 5. Nc3 Nf6 6. Bf4 c5 7. dxc5 Bxc5 8. e3 Nc6 9. a3 O-O 10. Bg5 Be6 11. Be2 h6 12. Bh4 g5 13. Bg3 Ne4 14.
O-O Nxg3 15. hxg3 Qd6 16. Nd4 Nxd4 17. exd4 Ba7 18. Qd3 Rae8 19. Rad1 Kg7 20. f4 f6 21.
Bf3 Bf7 22. Qd2 Re7 23. Rfe1 Rfe8 24. b4 Rxe1+ 25. Rxe1 Bxd4+ 26. Kh2 Rxe1 27. Qxe1 gxf4 28.
g4 Be5 29. Na4 d4 30. Nc5 d3 31.
Nxb7 Qd4 32. Qd2 Qe3 33. Qd1 d2 34. Nd8 Bd5 35. Bxd5 f3+ 36. Kh1 Qe1+ 0-1

[Event "Early-Titled-Tuesday-Blitz-January-30-2024"]
[Site "Chess.com"]
[Date "2024.01.30"]
[Round "11"]
[White "WiktoriaPOL"]
[Black "Cheer_Down"]
[Result "0-1"]
[WhiteElo "2262"]
[BlackElo "2459"]
[TimeControl "180+1"]
[EndTime "10:10:36 PST"]
[Termination "Cheer_Down won by resignation"]

1. c4 e6 2. Nc3 d5 3. cxd5 exd5 4. d4 c6 5. Qc2 Bd6 6. Nf3 Ne7 7. Bg5 f6 8. Bh4 Bf5 9. Qb3 Qb6 10. e3 Qxb3 11.
axb3 Bc2 12. Nd2 Nf5 13. Bg3 Nxg3 14. hxg3 Nd7 15. e4 dxe4 16. Ndxe4 Bb4 17. Nd2 O-O-O 18. Bc4 Nb6 19. Rxa7 Rxd4 20. Be2 Re8 21. Rh4 Bxc3 22.
bxc3 Rxh4 23. gxh4 Bd3 24. Ra2 Rxe2+ 25. Kd1 Rxf2 0-1

[Event "Early-Titled-Tuesday-Blitz-January-30-2024"]
[Site "Chess.com"]
[Date "2024.01.30"]
[Round "11"]
[White "kidagent"]
[Black "RaulPerezGuerra"]
[Result "1-0"]
[WhiteElo "2341"]
[BlackElo "2477"]
[TimeControl "180+1"]
[EndTime "10:10:37 PST"]
[Termination "kidagent won by resignation"]

1. c4 b6 2. Nc3 Bb7 3. e4 Nf6 4. d3 e5 5. g3 Bc5 6. Bg2 O-O 7.
Nge2 c6 8. O-O d5 9. exd5 cxd5 10.
Bg5 e4 11. dxe4 d4 12. Nd5 Bxd5 13. exd5 h6 14. Bf4 Nbd7 15. Nxd4 Bxd4 16. Qxd4 Nc5 17. b4 Ne6 18. Qd2 Nxf4 19. Qxf4 Rc8 20. Rac1 Re8 21. Rfd1 Qe7 22. d6 Qe6 23. d7 Nxd7 24. Bd5 Qe7 25.
Bxf7+ Qxf7 26. Qxf7+ Kxf7 27. Rxd7+ Re7 28. Rxe7+ Kxe7 29. f4 Kf6 30. Kf2 Rd8 31. Rc2 Kf5 32.
c5 bxc5 33. bxc5 Rc8 34. Kf3 g5 35. g4+ Kf6 36. f5 Ke5 37. c6 Kd6 38. Ke4 Re8+ 39. Kd4 Kc7 40. Kd5 a5 41. Rb2 Re1 42. Rb7+ Kc8 43. Ra7 Rd1+ 44. Kc5 Rd2 45. Kb6 Rb2+ 46. Kxa5 Rxh2 47. Kb6 Rb2+ 48. Kc5 Rc2+ 49. Kd6 Rd2+ 50. Ke6 Rd4 51. Rh7 Rxg4 52. f6 Rg1 53. f7 Re1+ 54. Kf6 Rf1+ 55. Kg6 g4 56. Rh8+ Kc7 57. f8=Q Rxf8 58.
Rxf8 g3 59. Kxh6 g2 60. Rg8 1-0

[Event "Early-Titled-Tuesday-Blitz-January-30-2024"]
[Site "Chess.com"]
[Date "2024.01.30"]
[Round "11"]
[White "Iana_Shirova"]
[Black "Muslim_player_05"]
[Result "0-1"]
[WhiteElo "2313"]
[BlackElo "2502"]
[TimeControl "180+1"]
[EndTime "10:10:38 PST"]
[Termination "Muslim_player_05 won by resignation"]

1. e4 e5 2. Nf3 Nc6 3. Bb5 a6 4. Ba4 d6 5. c3 Bd7 6. O-O g6 7. d4 Bg7 8. h3 Nf6 9. Nbd2 O-O 10. Bxc6 Bxc6 11. dxe5 dxe5 12. Nxe5 Bxe4 13. Nxe4 Nxe4 14. Nd7 Re8 15. Be3 Qe7 16. f3 Nd6 17. Re1 Qxd7 18. Qb3 b5 19. a4 Nc4 20. Bf2 Rxe1+ 21. Rxe1 Re8 22. Rd1 Qc6 23. axb5 axb5 24. Bd4 Bxd4+ 25. cxd4 Re3 26. Kh1 Rxb3 0-1

[Event "Early-Titled-Tuesday-Blitz-January-30-2024"]
[Site "Chess.com"]
[Date "2024.01.30"]
[Round "11"]
[White "tuschessCM1"]
[Black "AustinThomas12345"]
[Result "1-0"]
[WhiteElo "2679"]
[BlackElo "2511"]
[TimeControl "180+1"]
[EndTime "10:10:40 PST"]
[Termination "tuschessCM1 won by resignation"]

1. c4 Nf6 2. Nc3 d5 3. cxd5 Nxd5 4. Nf3 g6 5. h4 Bg7 6. e4 Nxc3 7. dxc3 Qxd1+ 8. Kxd1 f6 9. Bc4 e5 10. Kc2 Ke7 11.
Be3 b6 12. h5 Be6 13. Nd2 Bxc4 14. Nxc4 Nc6 15. b4 a6 16. a4 Ke6 17. a5 b5 18.
Nd2 Rhd8 19. Nb3 Bf8 20. hxg6 hxg6 21. Rh7 Rd7 22. Rh8 Rad8 23. Rah1 Be7 24. R8h6 Rg8 25. Bc5 Kf7 26. Bxe7 Nxe7 27. Nc5 Rd6 28. Rh7+ Rg7 29. Rh8 f5 30. Ra8 fxe4 31. Nxe4 Rc6 32. Nc5 Rf6 33. f3 Nd5 34. Re1 Rh7 35. Rxe5 c6 36. Ra7+ 1-0

[Event "Early-Titled-Tuesday-Blitz-January-30-2024"]
[Site "Chess.com"]
[Date "2024.01.30"]
[Round "11"]
[White "bilosuvenosu06"]
[Black "cthulhuuu"]
[Result "1-0"]
[WhiteElo "2550"]
[BlackElo "2378"]
[TimeControl "180+1"]
[EndTime "10:10:40 PST"]
[Termination "bilosuvenosu06 won on time"]

1. d4 Nf6 2. c4 e5 3. d5 Bc5 4.
Nc3 c6 5. e4 O-O 6. Be2 d6 7.
Bf3 cxd5 8. cxd5 a6 9. Nge2 b5 10.
Ng3 Qb6 11. O-O a5 12. Be2 Bd7 13. Bg5 b4 14. Nb1 Qd8 15. Nh5 Kh8 16. Bxf6 gxf6 17. Bg4 f5 18. Bxf5 Qg5 19. Ng3 Rg8 20. Nd2 Qf4 21. Qe2 a4 22. Nc4 Bd4 23. Nxd6 Qh6 24. Nxf7+ 1-0

[Event "Early-Titled-Tuesday-Blitz-January-30-2024"]
[Site "Chess.com"]
[Date "2024.01.30"]
[Round "11"]
[White "NovakRatko"]
[Black "Kostukov_Alex"]
[Result "1-0"]
[WhiteElo "2384"]
[BlackElo "2303"]
[TimeControl "180+1"]
[EndTime "10:10:42 PST"]
[Termination "NovakRatko won on time"]

1. d4 g6 2. c4 Bg7 3. Nc3 d6 4.
e4 e5 5. d5 f5 6. f4 fxe4 7.
fxe5 Bxe5 8. Nxe4 Nf6 9. Bg5 O-O 10. Nf3 Qe7 11. Qe2 Nbd7 12. Nxe5 Qxe5 13. Nxf6+ Nxf6 14. Qxe5 dxe5 15. Bd3 Bf5 16. Be2 Kg7 17. O-O h6 18.
Be3 g5 19. Bd2 Ne4 20. Bb4 Kg6 21. Bxf8 Rxf8 22. g4 1-0

[Event "Early-Titled-Tuesday-Blitz-January-30-2024"]
[Site "Chess.com"]
[Date "2024.01.30"]
[Round "11"]
[White "tarno17"]
[Black "Pastore1978"]
[Result "0-1"]
[WhiteElo "2077"]
[BlackElo "2281"]
[TimeControl "180+1"]
[EndTime "10:10:43 PST"]
[Termination "Pastore1978 won by resignation"]

1. e4 Nc6 2. d4 d5 3. Nc3 dxe4 4. Nxe4 Nxd4 5. Be3 e5 6. Bc4 Bf5 7. f3 Bxe4 8. fxe4 Qh4+ 9. Kd2 Qxe4 10. Bxd4 Qxd4+ 11. Bd3 e4 12. Qe2 Nf6 13. Re1 O-O-O 14. Kc1 exd3 15. cxd3 Qxd3 16. Qxd3 Rxd3 17. Nf3 Bd6 18. Ng5 Bf4+ 19.
Kb1 Bxg5 0-1

[Event "Early-Titled-Tuesday-Blitz-January-30-2024"]
[Site "Chess.com"]
[Date "2024.01.30"]
[Round "11"]
[White "Predator0608"]
[Black "NovozhilovSemen"]
[Result "0-1"]
[WhiteElo "2494"]
[BlackElo "2668"]
[TimeControl "180+1"]
[EndTime "10:10:46 PST"]
[Termination "NovozhilovSemen won by resignation"]

1. e4 e6 2. d4 d5 3. Nd2 Nf6 4. e5 Nfd7 5. Bd3 c5 6. c3 Nc6 7. Ne2 g6 8. f4 Bg7 9. g4 O-O 10. h4 f6 11. h5 fxe5 12. dxe5 Ndxe5 13. fxe5 Nxe5 14. Bb1 Nxg4 15. Qa4 e5 16. hxg6 e4 17. Bxe4 Nf2 18. Rxh7 Qg5 19. Qb3 Be6 20. Qxb7 Qf6 21. Bxd5 Rae8 22. Ne4 Nxe4 23. Bxe4 Re7 24. Qc6 Qf1+ 25.
Kd2 Rd8+ 26. Bd3 Bf5 27. Kc2 Bxd3+ 28. Kb3 Qxe2 29. Qh1 Qe6+ 30. Ka3 Qa6+ 31. Kb3 Bc4+ 32. Kc2 Qxg6+ 0-1

[Event "Early-Titled-Tuesday-Blitz-January-30-2024"]
[Site "Chess.com"]
[Date "2024.01.30"]
[Round "11"]
[White "GeorgiosSouleidis"]
[Black "tusplingher"]
[Result "1-0"]
[WhiteElo "2652"]
[BlackElo "2489"]
[TimeControl "180+1"]
[EndTime "10:10:48 PST"]
[Termination "GeorgiosSouleidis won by resignation"]

1. e4 c5 2. Be2 Nc6 3. d3 g6 4. f4 Bg7 5. Nf3 d6 6. O-O Nf6 7. c3 O-O 8. Kh1 b5 9. a3 a5 10. Be3 Rb8 11. Nbd2 b4 12. d4 bxc3 13. bxc3 cxd4 14.
cxd4 d5 15. e5 Ne4 16. Nxe4 dxe4 17. Ng5 Qd5 18. Rc1 Qb3 19. Qd2 Bb7 20. Rc3 Qd5 21. Bc4 Qd8 22. d5 Nxe5 23. fxe5 Bxe5 24. Bd4 Qd6 25.
Nxe4 Qc7 26. Ba2 Bf4 27. Qxf4 Qd7 28. Nf6+ exf6 29. Qxf6 1-0

[Event "Early-Titled-Tuesday-Blitz-January-30-2024"]
[Site "Chess.com"]
[Date "2024.01.30"]
[Round "11"]
[White "GMBenjaminBok"]
[Black "1977Ivan"]
[Result "1-0"]
[WhiteElo "2938"]
[BlackElo "2812"]
[TimeControl "180+1"]
[EndTime "10:10:49 PST"]
[Termination "GMBenjaminBok won by checkmate"]

1. d4 e6 2. c4 b6 3. e4 Bb7 4.
Bd3 Nc6 5. Ne2 Nb4 6. Nbc3 Nxd3+ 7. Qxd3 Ne7 8. O-O d5 9. cxd5 exd5 10. e5 Qd7 11. Bd2 c5 12. f4 Nc6 13. Kh1 Nb4 14. Qf3 Nc2 15. Rac1 Nxd4 16. Nxd4 cxd4 17. Ne2 Ba6 18. f5 Be7 19. e6 Qb7 20. exf7+ Kxf7 21. Qh5+ Kg8 22. Bf4 Rc8 23. Rxc8+ Qxc8 24. Rc1 Qd8 25. Nxd4 Bf6 26. Ne6 Qd7 27. Rc7 Qb5 28. Qf7# 1-0

[Event "Early-Titled-Tuesday-Blitz-January-30-2024"]
[Site "Chess.com"]
[Date "2024.01.30"]
[Round "11"]
[White "Onthequiet"]
[Black "xakevicius91"]
[Result "0-1"]
[WhiteElo "2429"]
[BlackElo "2598"]
[TimeControl "180+1"]
[EndTime "10:10:50 PST"]
[Termination "xakevicius91 won by resignation"]

1. d4 Nf6 2. Nf3 e6 3. a3 c5 4. e3 b6 5. Bd3 Bb7 6. Nbd2 d5 7. b3 Bd6 8. Bb2 O-O 9. O-O Nc6 10. Ne5 Rc8 11. f4 Ne7 12. Qe1 Ne4 13. Rd1 Nf5 14. Ndf3 cxd4 15. exd4 Be7 16. g4 Nfd6 17. g5 f6 18. gxf6 gxf6 19. Ng4 Nf5 20. Ne3 Nxe3 21. Qxe3 Kh8 22. Kh1 Bd6 23. c4 Qe8 24. b4 Qh5 25. Rg1 Qf5 26. Nh4 Qxf4 27. Qxf4 Bxf4 28. Rdf1 dxc4 29.
Rxf4 cxd3 30. d5 Bxd5 31. Kg2 Rc2+ 0-1

[Event "Early-Titled-Tuesday-Blitz-January-30-2024"]
[Site "Chess.com"]
[Date "2024.01.30"]
[Round "11"]
[White "VinzentSpitzl"]
[Black "korkmaz16"]
[Result "1-0"]
[WhiteElo "2619"]
[BlackElo "2468"]
[TimeControl "180+1"]
[EndTime "10:10:51 PST"]
[Termination "VinzentSpitzl won by checkmate"]

1. e4 e6 2. d4 d5 3. Nd2 Nf6 4. e5 Nfd7 5. Bd3 c5 6. c3 Nc6 7. Ne2 Qb6 8. Nf3 cxd4 9. cxd4 f6 10. exf6 Nxf6 11. O-O Bd6 12. Bf4 Bxf4 13. Nxf4 O-O 14. g3 Qxb2 15. Re1 Kh8 16. Rb1 Qxa2 17. Ne5 Nxe5 18. dxe5 Ne4 19. Bxe4 dxe4 20. Qd6 Kg8 21. Rbc1 Qa5 22. Red1 Qb6 23. Qe7 Qb2 24. Rc5 b6 25.
Rd8 Rxd8 26. Qxd8+ Kf7 27. Rc7+ Bd7 28. Rxd7# 1-0

[Event "Early-Titled-Tuesday-Blitz-January-30-2024"]
[Site "Chess.com"]
[Date "2024.01.30"]
[Round "11"]
[White "Grandelicious"]
[Black "GMRAVEN_ON_YOUTUBE"]
[Result "1-0"]
[WhiteElo "2901"]
[BlackElo "2784"]
[TimeControl "180+1"]
[EndTime "10:10:54 PST"]
[Termination "Grandelicious won by checkmate"]

1. Nf3 f5 2. d3 Nc6 3. d4 e6 4. g3 Nf6 5. Bg2 Be7 6. O-O O-O 7. b3 d6 8. Bb2 Qe8 9. c4 Bd8 10. d5 exd5 11. cxd5 Ne5 12. e3 Nfg4 13. Nbd2 g5 14. Re1 Qg6 15. Qc2 Qh6 16. h3 Nxf3+ 17. Nxf3 Nf6 18. Nd4 Ne4 19. Rac1 Nxf2 20. Qxf2 f4 21.
g4 Qg6 22. e4 Bf6 23. Nf5 Rf7 24. Bxf6 Qxf6 25. Qd4 Bxf5 26. Qxf6 Rxf6 27. exf5 Rf7 28.
Re6 Kg7 29. Kf2 Rd8 30. Be4 Rdd7 31. Kf3 Rf6 32. h4 h6 33. hxg5 hxg5 34. Rh1 c6 35. Rh5 Rxe6 36. dxe6 Re7 37. Rxg5+ Kf6 38. Kxf4 d5 39.
Rg6# 1-0

[Event "Early-Titled-Tuesday-Blitz-January-30-2024"]
[Site "Chess.com"]
[Date "2024.01.30"]
[Round "11"]
[White "snowlord"]
[Black "FabianoCaruana"]
[Result "1-0"]
[WhiteElo "2883"]
[BlackElo "3048"]
[TimeControl "180+1"]
[EndTime "10:10:56 PST"]
[Termination "snowlord won by resignation"]

1. e4 Nc6 2. d4 d5 3. e5 Bf5 4.
c3 e6 5. Be2 f6 6. f4 Qd7 7.
Nf3 O-O-O 8. O-O Be7 9. b4 h5 10. Nbd2 Nh6 11. Nb3 Be4 12. Nfd2 f5 13. Nxe4 fxe4 14.
Bxh5 Nf5 15. Bg4 Rdf8 16. a4 Nd8 17. b5 Nf7 18. Rb1 Kb8 19. Qe2 g5 20. a5 gxf4 21.
Bxf4 Qd8 22. Bxf5 exf5 23. e6 Nd6 24. Nc5 Rfg8 25. b6 cxb6 26. axb6 Rg4 27. Be5 Rhg8 28. g3 Ka8 29. bxa7 Qa5 30. Qb2 b5 31. Bxd6 Bxd6 32.
Qb3 1-0

[Event "Early-Titled-Tuesday-Blitz-January-30-2024"]
[Site "Chess.com"]
[Date "2024.01.30"]
[Round "11"]
[White "stollenmonster"]
[Black "noblerone"]
[Result "1-0"]
[WhiteElo "2871"]
[BlackElo "2487"]
[TimeControl "180+1"]
[EndTime "10:11:00 PST"]
[Termination "stollenmonster won on time"]

1. e4 c5 2. Nf3 e6 3. c4 Nc6 4.
Nc3 Nd4 5. g3 Nxf3+ 6. Qxf3 Ne7 7.
Bg2 Nc6 8. O-O Be7 9. d3 Nd4 10.
Qd1 O-O 11. Ne2 Bf6 12. Be3 Nxe2+ 13. Qxe2 d6 14. Rad1 Qc7 15. d4 cxd4 16. Bxd4 Bxd4 17. Rxd4 e5 18. Rd2 Be6 19. b3 Rfd8 20. Rfd1 a5 21. Qe3 b6 22. h4 a4 23. Kh2 axb3 24. axb3 Ra3 25. Rd3 h6 26. f4 Bg4 27. Qd2 Bxd1 28. Qxd1 Raa8 29. Qg4 Qe7 30. f5 Ra2 31. Kh3 Kh8 32. Qd1 Qc7 33. Rd5 Rb2 34. Bf3 Qb8 35.
f6 g6 36. Bg4 Kh7 37. h5 Qc7 38. hxg6+ fxg6 39. Be6 Rf8 40. Rxd6 Qc5 41. Rd7+ Kh8 42.
Qc1 Rh2+ 43. Kxh2 Qf2+ 44. Kh3 g5 45. Qd1 Qxf6 46. Bf5 Qc6 47. Qd6 Qxd6 48. Rxd6 1-0

[Event "Early-Titled-Tuesday-Blitz-January-30-2024"]
[Site "Chess.com"]
[Date "2024.01.30"]
[Round "11"]
[White "blitzking1729"]
[Black "ahkashefi2800"]
[Result "1-0"]
[WhiteElo "2706"]
[BlackElo "2578"]
[TimeControl "180+1"]
[EndTime "10:11:01 PST"]
[Termination "blitzking1729 won on time"]

1. c4 c6 2. Nf3 d5 3. e3 Nf6 4.
Nc3 Bg4 5. cxd5 Bxf3 6. Qxf3 cxd5 7. d4 e6 8. Qd1 Nc6 9. Qb3 Qc7 10. Bd2 a6 11. Rc1 Bb4 12. a3 Ba5 13. Be2 O-O 14. O-O Rac8 15. Rfd1 b5 16. a4 bxa4 17. Qxa4 Qb6 18. Qa3 Bxc3 19. Bxc3 Ra8 20. f3 Rfb8 21. Rd2 h6 22. Rdc2 Kh7 23. Bd3+ g6 24. Be1 Nb4 25. Rc7 Kg7 26. Be2 a5 27. Bg3 Nh5 28. Be5+ Kg8 29. Qa4 Rd8 30. Re7 Rac8 31. Rcc7 Rxc7 32. Bxc7 Qc6 33.
Qxc6 1-0

[Event "Early-Titled-Tuesday-Blitz-January-30-2024"]
[Site "Chess.com"]
[Date "2024.01.30"]
[Round "11"]
[White "KVAIDAN"]
[Black "Mesa_1"]
[Result "0-1"]
[WhiteElo "2390"]
[BlackElo "2578"]
[TimeControl "180+1"]
[EndTime "10:11:06 PST"]
[Termination "Mesa_1 won by resignation"]

1. f4 d5 2. Nf3 Bf5 3. e3 e6 4. b3 Nf6 5. Bb2 h6 6. Be2 Be7 7. O-O O-O 8. Ne5 Nbd7 9. Rf3 Nxe5 10. Bxe5 c5 11. Rg3 Ne8 12. Bb2 Bf6 13. Nc3 d4 14.
Na4 Qd6 15. Bf3 Rb8 16. e4 Bxe4 17. Bxe4 Qxf4 18. d3 Qc7 19. Ba3 b5 20. Bxc5 bxa4 21. Bxf8 Kxf8 22. bxa4 Bg5 23. Rb1 Be3+ 24. Kh1 f5 25.
Bf3 Nf6 26. Rxb8+ Qxb8 27. c4 dxc3 28. Bc6 Qb2 29. Rxe3 c2 30. Qe1 c1=Q 31. Rxe6 Ne4 32.
Re8+ Kf7 33. Rxe4 fxe4 34. Bd5+ Ke7 35. Qg1 Qba1 0-1

[Event "Early-Titled-Tuesday-Blitz-January-30-2024"]
[Site "Chess.com"]
[Date "2024.01.30"]
[Round "11"]
[White "viktorgen2021"]
[Black "esrosenberg"]
[Result "1-0"]
[WhiteElo "2572"]
[BlackElo "2413"]
[TimeControl "180+1"]
[EndTime "10:11:06 PST"]
[Termination "viktorgen2021 won by resignation"]

1. d4 d5 2. c4 c6 3. Nf3 Nf6 4. e3 a6 5. c5 Bf5 6. Bd3 e6 7.
Qc2 Bxd3 8. Qxd3 Nbd7 9. Nc3 g6 10. O-O Bg7 11. e4 dxe4 12. Nxe4 Nxe4 13. Qxe4 O-O 14. Bf4 Re8 15. Rad1 Qa5 16. a3 Rad8 17. Bg5 Rc8 18. Rfe1 Qa4 19. Qe2 h6 20. Bf4 g5 21. Bg3 Nf6 22. Ne5 Rcd8 23. Nc4 Qb3 24. Nd6 Re7 25. h4 g4 26. Be5 h5 27. Qd2 Nh7 28. Bxg7 Kxg7 29.
Nf5+ exf5 30. Rxe7 Nf6 31. Qg5+ Kf8 32. Rde1 Ne4 33. R7xe4 fxe4 34. Qxd8+ Kg7 35. Qg5+ Kf8 36. Rxe4 Qxb2 37. Qh6+ 1-0

[Event "Early-Titled-Tuesday-Blitz-January-30-2024"]
[Site "Chess.com"]
[Date "2024.01.30"]
[Round "11"]
[White "bulletteemo"]
[Black "Chernobay_Artem"]
[Result "1/2-1/2"]
[WhiteElo "2541"]
[BlackElo "2654"]
[TimeControl "180+1"]
[EndTime "10:11:07 PST"]
[Termination "Game drawn by repetition"]

1. e4 e6 2. d4 d5 3. exd5 exd5 4. Nf3 Nf6 5. Bd3 Bd6 6. Qe2+ Qe7 7. Qxe7+ Kxe7 8. O-O Re8 9. Bg5 Kf8 10. Nc3 c6 11.
Bxf6 gxf6 12. Bxh7 f5 13. Nh4 f4 14. Bd3 Be7 15. Nf5 Bf6 16. Nd6 Rd8 17. Nxc8 Rxc8 18. Ne2 f3 19. gxf3 Re8 20. c3 Nd7 21. Ng3 Bg5 22. Nf5 Bf4 23. h4 Nf6 24. Kg2 Re6 25. a4 Rae8 26. a5 Nh5 27. Ng3 Nf6 28. Nf5 Nh5 29. Ng3 Nf6 30. Nf5 1/2-1/2

[Event "Early-Titled-Tuesday-Blitz-January-30-2024"]
[Site "Chess.com"]
[Date "2024.01.30"]
[Round "11"]
[White "Massakru"]
[Black "Herzog2012"]
[Result "1-0"]
[WhiteElo "2419"]
[BlackElo "2533"]
[TimeControl "180+1"]
[EndTime "10:11:10 PST"]
[Termination "Massakru won on time"]

1. e4 c5 2. Nf3 d6 3. c3 Nf6 4. h3 g6 5. Bd3 Bg7 6. Bc2 O-O 7. O-O Nc6 8. d4 cxd4 9. cxd4 Nb4 10. Bb3 d5 11. e5 Ne4 12. Nc3 Nxc3 13. bxc3 Nc6 14. Bg5 h6 15. Bh4 g5 16. Bg3 Bf5 17.
Bc2 Qd7 18. Qb1 Bxc2 19. Qxc2 f5 20. exf6 exf6 21. c4 f5 22. Be5 Nxe5 23. Nxe5 Bxe5 24. dxe5 Rac8 25. Rad1 Qf7 26. c5 Rc6 27. Rfe1 Rfc8 28. Qb3 Rxc5 29. e6 Qe7 30. Rxd5 Rc1 31. Rdd1 Rxd1 32. Rxd1 Kf8 33. Rd7 Rc1+ 34. Kh2 Qf6 35.
Qa3+ Kg8 36. Qxc1 Qe5+ 37. Kh1 Qxe6 38. Qc8+ 1-0

[Event "Early-Titled-Tuesday-Blitz-January-30-2024"]
[Site "Chess.com"]
[Date "2024.01.30"]
[Round "11"]
[White "Mikhail_Golubev"]
[Black "ATM622"]
[Result "0-1"]
[WhiteElo "2645"]
[BlackElo "2467"]
[TimeControl "180+1"]
[EndTime "10:11:11 PST"]
[Termination "ATM622 won on time"]

1. e4 c6 2. Nf3 d5 3. Nc3 dxe4 4. Nxe4 Bg4 5. h3 Bxf3 6. Qxf3 Nf6 7. Bc4 e6 8. Nxf6+ Qxf6 9. Qxf6 gxf6 10. d4 Nd7 11.
Bb3 c5 12. d5 e5 13. c4 Nb6 14. O-O Bd6 15. Be3 f5 16. f4 e4 17. Rac1 O-O-O 18. a3 Rhg8 19. Kf2 Rg6 20. g3 Rdg8 21. Rg1 h5 22. h4 Be7 23. a4 Nd7 24. a5 Nf6 25. Bd1 Kd7 26. Be2 a6 27. Rcd1 Bd6 28. Rc1 Ng4+ 29.
Bxg4 Rxg4 30. Rcd1 R8g6 31. Rde1 Be7 32. Bd2 Bf6 33.
b3 Bd4+ 34. Be3 Kd6 35. Bxd4 cxd4 36. b4 Rg8 37. Rd1 d3 38. Rde1 Rc8 0-1

[Event "Early-Titled-Tuesday-Blitz-January-30-2024"]
[Site "Chess.com"]
[Date "2024.01.30"]
[Round "11"]
[White "AldokhinIvan"]
[Black "ACollins05"]
[Result "1-0"]
[WhiteElo "2660"]
[BlackElo "2504"]
[TimeControl "180+1"]
[EndTime "10:11:15 PST"]
[Termination "AldokhinIvan won by resignation"]

1. e4 c5 2. Nf3 d6 3. d4 cxd4 4.
Nxd4 Nf6 5. Nc3 Nc6 6. Bc4 Qb6 7. Nb3 e6 8. O-O Be7 9. Kh1 O-O 10. f4 Rd8 11. Bd3 Nb4 12. Qf3 Nxd3 13. cxd3 e5 14.
Be3 Qa6 15. d4 exd4 16. Bxd4 Be6 17. Nd2 Rac8 18. f5 Bc4 19. Nxc4 Rxc4 20. Bxf6 Bxf6 21. Nd5 Bxb2 22. Rab1 Be5 23. f6 gxf6 24. Nxf6+ Bxf6 25. Qxf6 Rd7 26. Rb3 d5 27. Rg3+ Kf8 28. Qh8+ Ke7 29. Qxh7 Qf6 30. Rgf3 Rd6 31. Rxf6 Rxf6 32. Qh4 Rc6 33.
e5 1-0

[Event "Early-Titled-Tuesday-Blitz-January-30-2024"]
[Site "Chess.com"]
[Date "2024.01.30"]
[Round "11"]
[White "Zavgorodniy_Sergiy"]
[Black "yjjga"]
[Result "1-0"]
[WhiteElo "2611"]
[BlackElo "2431"]
[TimeControl "180+1"]
[EndTime "10:11:18 PST"]
[Termination "Zavgorodniy_Sergiy won by resignation"]

1. d4 d5 2. c4 c6 3. e3 Nf6 4. Bd3 dxc4 5. Bxc4 e6 6. Nc3 Bd6 7. Nf3 O-O 8. e4 Bb4 9. e5 Ne4 10. Qd3 Nxc3 11. bxc3 Be7 12. Bb3 Nd7 13. Bc2 g6 14. Bh6 Re8 15. h4 c5 16. Ng5 cxd4 17.
cxd4 Qa5+ 18. Kf1 Qa6 19. h5 Qxd3+ 20. Bxd3 Rd8 21. hxg6 hxg6 22. Be4 Nf8 23. Rd1 Bd7 24. Bxb7 Rab8 25. Be4 Rb2 26. Kg1 Ba4 27. Rd3 Rb1+ 28. Kh2 Rxh1+ 29. Kxh1 Rb8 30. Rf3 Be8 31. d5 Bxg5 32.
Bxg5 exd5 33. Bxd5 Rb5 34. Rd3 Nh7 35. Be7 Rb1+ 36. Kh2 Kg7 37. f4 Rb2 38. Kg3 Bb5 39. Rb3 Bf1 40. Rxb2 1-0

[Event "Early-Titled-Tuesday-Blitz-January-30-2024"]
[Site "Chess.com"]
[Date "2024.01.30"]
[Round "11"]
[White "atalz0"]
[Black "monomita"]
[Result "0-1"]
[WhiteElo "2467"]
[BlackElo "2741"]
[TimeControl "180+1"]
[EndTime "10:11:20 PST"]
[Termination "monomita won on time"]

1. d4 Nf6 2. c4 e6 3. Nc3 Bb4 4. Qc2 O-O 5. e4 d5 6. e5 Ne4 7. Bd3 c5 8. Nf3 cxd4 9. Nxd4 Nd7 10. Bxe4 dxe4 11. Qxe4 Bxc3+ 12. bxc3 Qa5 13. O-O Qxc3 14. Rb1 Qxc4 15. Ba3 Re8 16. Bd6 f5 17. Qe3 a6 18. Rbc1 Qxa2 19. Rc7 Qd5 20. h4 h6 21. Rd1 Qe4 22. Qg3 Qg4 23. Qb3 f4 24. f3 Qg6 25.
h5 Qxh5 26. Nxe6 Qf7 27. Nc5 Qxb3 28. Nxb3 Nxe5 29. Na5 Ng6 30. Nxb7 Bxb7 31. Rxb7 Rad8 32. Rb6 Re2 33. Kf1 Ra2 34. Re1 Nh4 35. Re7 Nf5 0-1